 Dungeon Crawl Stone Soup version 0.21-a0-591-g2314aa1 (webtiles) character file.

231 4thArraOfDagon the Stinger (level 6, -2/36 HPs)
             Began as a Halfling Venom Mage on Dec 22, 2017.
             Shot with a sling bullet by Joseph (7 damage)
             ... on level 7 of the Dungeon.
             The game lasted 00:10:11 (1539 turns).

4thArraOfDagon the Stinger (Halfling Venom Mage)    Turns: 1539, Time: 00:10:12

Health: -2/36      AC:  6    Str:  9    XL:     6   Next: 24%
Magic:  1/8        EV: 15    Int: 15    God:
Gold:   73         SH:  0    Dex: 15    Spells: 4/8 levels left

rFire    . . .     SeeInvis .   (weapon restricted)
rCold    . . .     Gourm    .   (shield restricted)
rNeg     . . .     Faith    .   a - +0 robe
rPois    .         Spirit   .   k - +0 helmet
rElec    .         Reflect  .   (no cloak)
rCorr    .         Harm     .   h - +2 pair of gloves
MR       .....                  (no boots)
Stlth    ++........             (no amulet)
HPRegen  0.12/turn              (no ring)
MPRegen  0.11/turn              (no ring)

@: no status effects
A: small, mutation resistance 1
a: no special abilities


You were on level 7 of the Dungeon.
You were very hungry.

You visited 1 branch of the dungeon, and saw 7 of its levels.

You collected 73 gold pieces.

Inventory:

Armour
 a - a +0 robe (worn)
 h - a +2 pair of gloves (worn)
 k - a +0 helmet (worn)
Scrolls
 d - a scroll of identify
 e - a scroll of enchant armour
 f - a scroll of teleportation {unknown}
 g - a scroll of enchant weapon
 i - 2 scrolls of fog
 o - a scroll of noise
Books
 b - a Young Poisoner's Handbook

   Spells                             Type                      Level
   a - Sting                          Conjuration/Poison           1
   b - Poisonous Vapours              Poison/Air                   2
   c - Mephitic Cloud                 Conjuration/Poison/Air       3
   d - Olgreb's Toxic Radiance        Poison                       4
   e - Venom Bolt                     Conjuration/Poison           5
Comestibles
 c - 3 rations
 j - a chunk of flesh


   Skills:
 - Level 2.1 Dodging
 - Level 2.1 Stealth
 - Level 1.5 Spellcasting
 - Level 0.7 Conjurations
 * Level 6.5 Poison Magic


You had 4 spell levels left.
You knew the following spells:

 Your Spells              Type           Power        Failure   Level  Hunger
a - Sting                 Conj/Pois      ##..         5%          1    ##.....
b - Mephitic Cloud        Conj/Pois/Air  #.......     26%         3    ####...


Dungeon Overview and Level Annotations

Branches:
Dungeon (7/15)
 Temple: D:4-7

Altars:
Ashenzari
Elyvilon
Nemelex Xobeh

Annotations:
D:3 Natasha
D:6 Eustachio; Moebius's ghost, novice SpEn
D:7 Joseph


Innate Abilities, Weirdness & Mutations

You are small and have problems with some larger weapons.
You are somewhat resistant to further mutation.


Message History

The iguana is engulfed in noxious fumes.
The iguana appears confused.
Unknown command.
The iguana is engulfed in noxious fumes.
The iguana appears confused.
The iguana bites something!
You feel a bit more experienced.
Unknown command.
Joseph shoots a sling bullet.
The sling bullet closely misses you.
You see here a sling bullet.
Unknown command.
Unknown command.
Unknown command.
Unknown command.
Unknown command.
Unknown command.
There is a stone staircase leading up here.
Unknown command.
Unknown command.
Joseph shoots a sling bullet.
The sling bullet hits you!
You die...

.# ##(# #l### ###....#.#
.# .# #.#
#.l.###.>......#.# ## #.#
#.#.##...#...#?.##
#.#####.#§#§#..........#
#.......#§§§§.@.......#.#
####.#####§§#.........###
#######.# #@#§#.......##
##...(...# #§##.#......#
#........#####@####......#
#..####...##.....#####.>.#
#. #..a..[##.....# ###.#
#..#..#...##.....# #.#
#..##.#.####.....# #.#
#.......# #.....# #.#
#.......################.#
#####.###.. ..#.. ..##.#
#.# #.# #.#(# #.##.#


You could see Joseph.

Vanquished Creatures
  A centaur (D:7)
  A bullfrog (D:7)
  2 worker ants (D:7)
  3 adders
  2 dart slugs
  A ball python (D:1)
  2 giant cockroaches
  6 goblins
  7 hobgoblins
  4 kobolds
  2 bats
  A frilled lizard (D:2)
  3 rats
35 creatures vanquished.

Notes
Turn   | Place    | Note
-------+----------+-------------------------------------------
     0 | D:1      | 4thArraOfDagon the Halfling Venom Mage began the quest for the Orb.
     0 | D:1      | Reached XP level 1. HP: 11/11 MP: 3/3
   299 | D:1      | Reached XP level 2. HP: 17/17 MP: 0/4
   593 | D:2      | Reached skill level 4 in Poison Magic
   593 | D:2      | Reached XP level 3. HP: 10/21 MP: 0/5
   920 | D:3      | Reached XP level 4. HP: 20/27 MP: 1/6
   955 | D:3      | Learned a level 3 spell: Mephitic Cloud
   969 | D:3      | Noticed Natasha
  1034 | D:5      | Entered Level 5 of the Dungeon
  1064 | D:6      | Noticed Eustachio
  1064 | D:6      | Noticed Moebius's ghost (novice SpEn)
  1065 | D:6      | Noticed a phantom
  1102 | D:7      | Reached skill level 5 in Poison Magic
  1214 | D:7      | Found a white marble altar of Elyvilon.
  1214 | D:7      | Found a sparkling altar of Nemelex Xobeh.
  1218 | D:7      | Found a shattered altar of Ashenzari.
  1222 | D:7      | Noticed a centaur
  1301 | D:7      | Killed a centaur
  1301 | D:7      | Reached XP level 5. HP: 22/31 MP: 1/7
  1397 | D:7      | Noticed a bullfrog
  1423 | D:7      | Killed a bullfrog
  1423 | D:7      | Reached skill level 6 in Poison Magic
  1423 | D:7      | Reached XP level 6. HP: 31/36 MP: 0/8
  1532 | D:7      | Noticed Joseph
  1539 | D:7      | Shot with a sling bullet by Joseph

Vault maps used:
D:1:      tarquinn_simple_flora_water_e, st_stairs_14, hangedman_decor_growths
D:2:      kennysheep_okawaru_gauntlet, lemuel_old_faithful
D:3:      chequers_ecumenical_altar_twisty, first_ration, uniq_natasha
D:4:      demons_altar, nicolae_tso_swordbearing_angel, uniq_grinder,
          uniq_blork_the_orc
D:5:      hex_medium, uniq_menkaure
D:6:      black_bear_nest_1, temple_statues, uniq_eustachio
D:7:      marbit_many_paths, nicolae_overflow_hidden_temple, basic_altar,
          serial_undead, serial_undead_f, serial_undead_e, serial_undead_c,
          serial_undead_b, uniq_joseph, uniq_prince_ribbit1

Skill      XL: |  1  2  3  4  5 |
---------------+----------------+-----
Poison Magic   | 4 5 6 |  6.5
Dodging        | |  2.1
Stealth        | |  2.1
Spellcasting   | |  1.5
Conjurations   | |  0.7

Action                   |  1- 3 |  4- 6 || total
-------------------------+-------+-------++-------
Melee: Unarmed           |    27 |    21 ||    48
 Cast: Sting             |    58 |    32 ||    90
       Mephitic Cloud    |       |     6 ||     6
  Use: Potion            |     1 |     2 ||     3
       Scroll            |       |    10 ||    10
 Stab: Confused          |       |     6 ||     6
  Eat: Chunk             |     2 |     3 ||     5
Armor: Robe              |     8 |     7 ||    15
Dodge: Dodged            |    46 |    34 ||    80

Table legend:
 A = Spawn XP
 B = Non-spawn XP
 C = Spawn XP percentage of total XP
 D = Spawn monster count
 E = Non-spawn monster count
 F = Spawn count percentage of total count
 G = Total turns spent on level
                    A         B        C        D         E        F      G
               +---------+---------+-------+---------+---------+-------+---------
         Total |       0 |     330 |   0.0 |       0 |      35 |   0.0 |  1539
               +---------+---------+-------+---------+---------+-------+---------
           D:1 |       0 |      17 |   0.0 |       0 |       8 |   0.0 |   456
           D:2 |       0 |      46 |   0.0 |       0 |      18 |   0.0 |   436
           D:3 |       0 |      17 |   0.0 |       0 |       4 |   0.0 |   114
           D:7 |       0 |     250 |   0.0 |       0 |       5 |   0.0 |   442
               +---------+---------+-------+---------+---------+-------+---------
